 Dungeon Crawl Stone Soup version 0.31.0-11-ge490571c62 (webtiles) character file.

Game seed: 11701288936707399015

2362167 Sobieck the Annihilator (level 27, 180/180 HPs)
             Began as a Tengu Conjurer on Jan 28, 2024.
             Was the Champion of Vehumet.
             Escaped with the Orb
             ... and 4 runes!
             The game lasted 05:40:15 (71130 turns).

Sobieck the Annihilator (Tengu Conjurer)           Turns: 71130, Time: 05:40:15

Health: 180/180    AC: 10    Str:  8    XL:     27
Magic:  55/55      EV: 25    Int: 37    God:    Vehumet [******]
Gold:   3512       SH: 17    Dex: 14    Spells: 6/62 levels left

rFire   + + +        A - staff of fire
rCold   + + .        y - +3 kite shield {rC+ rF+}
rNeg    + . .        j - +3 troll leather armour
rPois   +            v - -2 hat of the Alchemist {rElec rPois rF+ rC+ rN+ Will+ rMut rCorr}
rElec   +            J - +2 cloak {rCorr}
rCorr   +            C - +2 pair of gloves {hurl}
SInv    .            (boots unavailable)
Will    +++..        o - amulet of magic regeneration
Stlth   +            S - ring of magical power
HPRegen 1.30/turn    g - +6 ring of intelligence
MPRegen 0.74/turn

%: acrobat, resist mutation
@: flying, studying 2 skills
A: beak, talons 3, evasive flight, acrobatic
0: Orb of Zot
}: 4/15 runes: serpentine, barnacled, slimy, silver
a: Renounce Religion


You escaped.
You worshipped Vehumet.
Vehumet was exalted by your worship.
You visited 12 branches of the dungeon, and saw 56 of its levels.
You visited 1 bazaar.
You also visited: Ice Cave.

You collected 10155 gold pieces.
You spent 6643 gold pieces at shops.

Inventory:

Missiles
 Z - 6 throwing nets
Armour
 j - a +3 troll leather armour (worn)
 v - the -2 hat of the Alchemist (worn) {rElec rPois rF+ rC+ rN+ Will+ rMut rCorr}
   (You bought it in a shop on level 4 of the Vaults)

   rF+:       It protects you from fire.
   rC+:       It protects you from cold.
   rElec:     It insulates you from electricity.
   rPois:     It protects you from poison rN+: It protects you from negative
   energy.
   Will+:     It increases your willpower.
   rCorr:     It protects you from acid and corrosion.
   rMut:      It protects you from mutation.
 y - a +3 kite shield of resistance (worn)
 C - a +2 pair of gloves of hurling (worn)
 J - a +2 cloak of preservation (worn)
Magical Staves
 A - a staff of fire (weapon)
 B - the staff "Xatelad" {rElec Int+5 Air}
   (You found it on level 3 of the Elven Halls)

   [staff of air]

   Base accuracy: +5 Base damage: 5 Base attack delay: 1.2 This weapon's minimum
   attack delay (0.6) is reached at skill level 12.
   Int+5:     It affects your intelligence (+5).
   rElec:     It insulates you from electricity.
   Air:       It increases the power of your Air spells.
   It falls into the 'Staves' category.
   It is a one-handed weapon.
 I - a staff of conjuration
Jewellery
 g - a +6 ring of intelligence (right hand)
 n - a ring of positive energy
 o - an amulet of magic regeneration (around neck)
 r - the ring of Life {Fire rElec Dex+2 Slay+5}
   (You found it on level 3 of the Crypt)

   [ring of fire]

   Fire:      It enhances your fire magic.
   Dex+2:     It affects your dexterity (+2).
   Slay+5:    It affects your accuracy & damage with ranged weapons and melee
   (+5).
   rF+:       It protects you from fire.
   rC-:       It makes you vulnerable to cold.
   rElec:     It insulates you from electricity.
 s - a ring of see invisible
 w - a ring of wizardry
 S - a ring of magical power (left hand)
Wands
 D - a wand of digging (20)
 E - a wand of charming (87)
 M - a wand of light (26)
 V - a wand of flame (159)
Scrolls
 b - 5 scrolls of blinking
 c - 5 scrolls of noise
 f - 5 scrolls of enchant weapon
 k - 6 scrolls of summoning
 l - 6 scrolls of amnesia
 p - 3 scrolls of silence {!r}
 u - 4 scrolls of revelation
 z - 7 scrolls of poison
 F - 5 scrolls of fear
 R - 26 scrolls of identify
 T - 32 scrolls of teleportation
 W - 5 scrolls of fog
 X - 7 scrolls of immolation
Potions
 a - 2 potions of ambrosia
 d - 2 potions of invisibility
 e - 5 potions of berserk rage
 h - 7 potions of might
 i - 20 potions of heal wounds
 m - 10 potions of lignification
 t - 5 potions of enlightenment
 x - 10 potions of mutation
 G - 2 potions of resistance
 H - 10 potions of haste
 L - 7 potions of cancellation
 P - 3 potions of magic
 Q - 36 potions of curing
 Y - 8 potions of brilliance
Miscellaneous
 q - a lightning rod (4/4)
 K - a phantom mirror
 N - a sack of spiders
 O - a condenser vane
 U - a phial of floods


   Skills:
 + Level 20.7 Fighting
 - Level 23.0 Dodging
 - Level 2.0 Stealth
 - Level 17.0 Shields
 - Level 18.0 Spellcasting
 O Level 27 Conjurations
 - Level 4.0 Translocations
 - Level 25.0 Fire Magic
 - Level 25.0 Air Magic
 - Level 4.0 Alchemy
 - Level 6.0 Evocations


You had 6 spell levels left.
You knew the following spells:

 Your Spells              Type           Power      Damage    Failure   Level
a - Magic Dart            Conj           100%       1d8       0%          1
b - Swiftness             Air            100%       N/A       0%          3
d - Iskenderun's Mystic   Conj/Tloc      99%        2d19      1%          4
f - Irradiate             Conj/Alch      49%        3d28      1%          5
g - Plasma Beam           Fire/Air       72%        2x1d89    0%          6
h - Maxwell's Capacitive  Air            60%        ∞         1%          8
i - Ignition              Fire           72%        3d19      1%          8
j - Apportation           Tloc           100%       N/A       1%          1
k - Blink                 Tloc           100%       N/A       1%          2
A - Fire Storm            Conj/Fire      73%        8d19      1%          9
B - Chain Lightning       Conj/Air       61%        3d82      1%          9

Your spell library contained the following spells:

 Spells                   Type           Power      Damage    Failure   Level
 Foxfire                  Conj/Fire      100%       2x1d9     0%          1
 Sting                    Conj/Alch      100%       1d9       0%          1
 Mercury Vapours          Alch/Air       100%       N/A       0%          2
 Momentum Strike          Conj/Tloc      100%       3d10      0%          2
 Scorch                   Fire           100%       2d9       0%          2
 Searing Ray              Conj           100%       2d8       0%          2
 Static Discharge         Conj/Air       100%       3-8/arc   0%          2
 Mephitic Cloud           Conj/Alch/Air  100%       N/A       0%          3
 Volatile Blastmotes      Fire/Tloc      100%       2d18      0%          3
 Airstrike                Air            60%        2d(9-25)  0%          4
 Flame Wave               Conj/Fire      100%       2d21      0%          4
 Arcjolt                  Conj/Air       61%        1d71      0%          5
 Fireball                 Conj/Fire      73%        3d27      0%          5
 Conjure Ball Lightning   Conj/Air       61%        3x3d22    0%          6
 Starburst                Conj/Fire      73%        6d19      0%          6
 Sandblast                Erth           66%        2d15      1%          1
 Lesser Beckoning         Tloc           100%       N/A       1%          2
 Dazzling Flash           Conj/Hex       100%       N/A       1%          3
 Hailstorm                Conj/Ice       93%        3d15      1%          3
 Inner Flame              Hex/Fire       100%       N/A       1%          3
 Stone Arrow              Conj/Erth      100%       3d13      1%          3
 Fulminant Prism          Conj/Alch      49%        3d21      1%          4
 Ignite Poison            Fire/Alch      100%       N/A       1%          4
 Sticky Flame             Fire/Alch      100%       2d15      1%          4
 Summon Lightning Spire   Summ/Air       90%        N/A       1%          4
 Vhi's Electric Charge    Tloc/Air       100%       N/A       1%          4
 Freezing Cloud           Conj/Ice/Air   52%        6-21      1%          5
 Silence                  Hex/Air        45%        N/A       1%          5
 Bombard                  Conj/Erth      46%        9d8       1%          6
 Necrotise                Necr           100%       1d9       2%          1
 Summon Small Mammal      Summ           100%       N/A       2%          1
 Ensorcelled Hibernation  Hex/Ice        66%        N/A       4%          2
 Passage of Golubria      Tloc           58%        N/A       5%          4
 Fugue of the Fallen      Necr           33%        N/A       9%          3
 Ozocubu's Armour         Ice            33%        N/A       9%          3
 Passwall                 Erth           33%        N/A       9%          3
 Summon Ice Beast         Ice/Summ       33%        N/A       9%          3
 Yara's Violent Unravell  Hex/Alch       24%        3d11      10%         5
 Leda's Liquefaction      Alch/Erth      24%        N/A       12%         4
 Alistair's Intoxication  Alch           38%        N/A       16%         5
 Lee's Rapid Deconstruct  Erth           16%        3d10*     21%         5
 Eringya's Noxious Bog    Alch           29%        4d6       21%         6
 Anguish                  Hex/Necr       16%        N/A       28%         4
 Animate Dead             Necr           33%        N/A       28%         4
 Cause Fear               Hex            16%        N/A       28%         4
 Martyr's Knell           Necr/Summ      33%        N/A       28%         4
 Borgnjor's Vile Clutch   Necr/Erth      16%        N/A       61%         5
 Curse of Agony           Necr           33%        N/A       61%         5
 Metabolic Englaciation   Hex/Ice        16%        N/A       61%         5
 Summon Mana Viper        Hex/Summ       33%        N/A       61%         5
 Sculpt Simulacrum        Ice/Alch       24%        N/A       88%         6
 Death Channel            Necr           16%        N/A       99%         6
 Summon Cactus Giant      Summ           16%        N/A       99%         6
 Lehudib's Crystal Spear  Conj/Erth      46%        10d11     19%         8
 Ozocubu's Refrigeration  Ice            16%        4d11      99%         7
 Enfeeble                 Hex            16%        N/A       100%        7
 Haunt                    Necr/Summ      16%        N/A       100%        7
 Monstrous Menagerie      Summ           16%        N/A       100%        7
 Borgnjor's Revivificati  Necr           16%        N/A       100%        8
 Infestation              Necr           16%        N/A       100%        8
 Death's Door             Necr           16%        N/A       100%        9
 Polar Vortex             Ice            16%        12d2*     100%        9
 Shatter                  Erth           16%        3d16*     100%        9


Dungeon Overview and Level Annotations

Branches:
Dungeon (15/15)            Temple (1/1) D:7            Lair (5/5) D:11
 Shoals (4/4) Lair:2        Snake (4/4) Lair:2        Slime (5/5) Lair:4
    Orc (2/2) D:11            Elf (3/3) Orc:2        Vaults (5/5) D:14
  Crypt (3/3) Vaults:2       Tomb (0/3) Crypt:3      Depths (4/4) D:15
    Zot (5/5) Depths:4      IceCv (visited)

Altars:
Ashenzari
Cheibriados
Dithmenos
Elyvilon
Fedhas
Gozag
Hepliaklqana
Kikubaaqudgha
Makhleb
Nemelex Xobeh
Okawaru
Qazlal
Ru
Sif Muna
Trog
Uskayaw
Vehumet
Wu Jian
Xom
Yredelemnul
Zin
The Shining One
Jiyva

Shops:
D:15 ((:=   Orc:1 (:::*   Orc:2 !![   Shoals:2 [   Shoals:3 (   Snake:4 =:=
Vaults:4 [   Vaults:5 ?!?   Depths:1 [   Depths:2 [***

Portals:
Hell: Lair:5 Depths:1 Depths:2 Depths:3 Depths:4
Abyss: Depths:3
Pandemonium: Depths:2
Ziggurat: Depths:1

Annotations:
D:5 flame stuff
Lair:4 3 runed translucent doors, puppykicker's ghost, journeyman DEGl
Shoals:2 shop from bottom
Elf:2 6 runed translucent doors, Afetinu's ghost, adept MiWn
Vaults:5 !donot
Zot:1 2 transporters
Zot:5 1 exclusion


Innate Abilities, Weirdness & Mutations

You have a beak for a mouth.
You have claws for feet.
Your magical flight helps you evade attacks. (EV +4)
You can magically evade attacks while moving or waiting.


Message History

Confirm with . or Enter, or press ? or * to list all spells.
Lightning arcs from your hands!
The bolt of lightning hits the orange demon!!
The orange demon is heavily wounded.
Casting: Chain Lightning (dangerous; 1% risk of failure)
Confirm with . or Enter, or press ? or * to list all spells.
Lightning arcs from your hands!
The bolt of lightning hits the orange demon!!!
You kill the orange demon!
Vehumet accepts your kill.
You feel your power returning.
What level of the Dungeon? (default 1, ? - help) Magic restored.
There is a stone staircase leading up here.
You fly upwards.
There is a stone staircase leading down here.
A Dicon, a large abomination and a rust devil come into view.
Danger!
Unknown command.
There is an escape hatch in the ceiling here.
A mysterious force pulls you upwards. The hatch slams shut behind you.
What level of the Dungeon? (default 1, ? - help)
There is an escape hatch in the ceiling here.
You see here a +0 short sword.
There is a stone staircase leading up here.
You fly upwards.
Level annotation: flame stuff
There is a stone staircase leading down here.
You see here a +0 dagger.
Items here: )) [[.
There is a stone staircase leading up here.
You fly upwards.
There is a stone staircase leading down here.
There is a stone staircase leading up here.
You fly upwards.
There is a stone staircase leading down here.
There is a stone staircase leading up here.
You fly upwards.
There is a stone staircase leading down, spattered with blood here.
There is a stone staircase leading up here.
You fly upwards.
There is a stone staircase leading down here.
A Hell Sentinel comes into view.
Danger!
Blink to where?
Press: ? - help, Dir - move target
As you read the scroll of blinking, it crumbles to dust.
Unknown command.
Unknown command.
You have escaped!

#≈≈§§§§.∩........## #..
#≈≈~§§............# #..
#≈§~§~...1........# #..
#≈§§~).∩..........# #..
#§§~§...........⌠.# #..
#§~~..............###..
#≈~§§...♣..........##.#
#§~~§..............##.#
#≈~~..@............'..#
#≈~~...............'.##
#≈~§....♣..........###
#≈~~§.♣............#
#≈≈§§.............##
#≈≈§§.∩.........⌠.#
#≈≈~§.§...........#
#≈≈§§§§.∩.........#
#≈≈≈~§§...........#


You could see a Hell Sentinel.

Vanquished Creatures
  the Royal Jelly (Slime:5)
  Dissolution (Slime:4)
  A pandemonium lord (D:15)
  6 ancient liches
  6 orbs of fire
  2 dread liches
  A juggernaut (Depths:2)
  Xtahua (Vaults:2)
  Sojobo (Crypt:1)
  A royal mummy (Depths:3)
  5 Killer Klowns
  Saint Roka (Elf:3)
  3 curse toes
  12 golden dragons
  the Enchantress (Depths:4)
  2 bone dragons (Depths:4)
  4 electric golems
  Zenata (Elf:3)
  19 tentacled monstrosities
  An Ice Fiend (Depths:4)
  5 liches
  26 Orb Guardians
  7 sphinxes
  A deep elf blademaster (Elf:3)
  19 acid blobs
  8 quicksilver dragons
  3 titans
  3 ancient champions
  13 death cobs
  2 deep elf master archers (Elf:3)
  A kraken (Shoals:4)
  13 shadow dragons
  11 tengu reavers
  Aizul (Vaults:2)
  23 storm dragons
  8 azure jellies
  Roxanne (Elf:2)
  8 rockslimes
  6 draconian knights
  Donald (Vaults:1)
  3 revenants (Crypt:3)
  2 nagarajas (Snake:4)
  3 daevas (Depths:1)
  11 fire giants
  11 frost giants
  5 protean progenitors
  16 deep elf sorcerers
  2 spectral caustic shrikes
  22 vault wardens
  9 draconian monks
  9 draconian shifters
  2 curse skulls
  2 iron dragons (Vaults:5)
  2 ghost moths
  A balrug (Depths:2)
  3 orc warlords
  3 spectral juggernauts (Depths:3)
  6 deep elf elementalists
  Louise (Elf:3)
  10 draconian scorchers
  A juggernaut zombie (Depths:1)
  A caustic shrike zombie (Crypt:3)
  9 ghouls
  An angel (Depths:1)
  20 ironbound preservers
  9 draconian annihilators
  A rockslime zombie (Crypt:2)
  4 spriggan defenders
  22 very ugly things
  12 ironbound thunderhulks
  6 draconian stormcallers
  25 stone giants
  13 quicksilver oozes
  A caustic shrike skeleton (Depths:3)
  10 green draconians
  12 vampire knights
  3 formless jellyfish
  9 deep elf death magi
  6 deep elf demonologists
  10 red draconians
  17 black draconians
  2 war gargoyles
  20 purple draconians
  10 deep elf annihilators
  2 spectral titans
  4 spark wasps
  4 white draconians
  17 dire elephants
  13 yellow draconians
  7 eidola
  9 ettins
  4 jiangshi
  A crystal guardian (Vaults:3)
  10 deep elf high priests
  3 mummy priests
  4 merfolk javelineers (Shoals:4)
  2 entropy weavers (Vaults:2)
  7 fire dragons
  8 merfolk impalers
  Josephine (D:15)
  19 yaktaur captains
  A salamander tyrant (Snake:4)
  6 great orbs of eyes
  A spectral tengu (Depths:3)
  A spectral spriggan (Depths:3)
  The ghost of ratboy the Basher, a journeyman AtBe of Trog (D:10)
  A spectral sphinx (Depths:3)
  3 rakshasas
  A fenstrider witch zombie (Crypt:1)
  A hell beast (Lair:5)
  8 ice dragons
  An ice dragon (shapeshifter) (Vaults:5)
  A juggernaut simulacrum (Depths:2)
  A caustic shrike simulacrum (Depths:2)
  3 hydras
  A peacekeeper (Vaults:3)
  4 merfolk avatars
  9 spriggan air magi
  10 ogre magi
  2 radroaches (Zot:2)
  37 vault guards
  2 jorogumos (Zot:2)
  9 ironbound frosthearts
  2 spectral fire giants (Depths:3)
  17 two-headed ogres
  5 merfolk aquamancers (Shoals:4)
  12 anacondas
  3 satyrs
  12 centaur warriors
  6 boulder beetles
  A death knight (D:13)
  An anaconda (shapeshifter) (D:15)
  23 death yaks
  2 spectral frost giants (Depths:3)
  A spectral stone giant (Crypt:3)
  18 dancing weapons
  9 deep troll shamans
  9 deep troll earth magi
  6 tengu warriors
  8 shock serpents
  12 naga warriors
  4 spriggan berserkers
  A spectral storm dragon (Depths:3)
  7 naga sharpshooters
  A shock serpent (shapeshifter) (Vaults:5)
  4 vampire magi
  4 occultists
  23 deep elf knights
  7 orc high priests (Orc:2)
  Sonja (D:11)
  2 spriggans (Depths:4)
  5 sun demons
  18 shadow wraiths
  2 sixfirhies
  A storm dragon zombie (Depths:3)
  22 skeletal warriors
  6 salamander mystics
  8 skysharks
  A titan skeleton (Depths:2)
  2 goliath frogs (Zot:2)
  9 iron trolls
  Lodul (D:10)
  9 sea snakes
  A spectral spark wasp (Depths:3)
  An anaconda zombie (Crypt:3)
  A quicksilver dragon simulacrum (Depths:3)
  11 arcanists
  3 bog bodies
  An obsidian statue (Depths:3)
  2 spectral iron dragons (Depths:3)
  A mana viper (shapeshifter) (Vaults:5)
  4 glowing orange brains
  52 deep trolls
  7 flayed ghosts
  15 orc knights
  13 mana vipers
  6 naga ritualists
  12 ironbound convokers
  20 deep elf archers
  10 lindwurms
  36 deep elf pyromancers
  A deep troll (shapeshifter) (Vaults:5)
  A sea snake (shapeshifter) (Vaults:5)
  29 harpies
  33 phantasmal warriors
  5 necromancers
  A tengu zombie (Vaults:5)
  A sphinx simulacrum (Depths:1)
  26 deep elf zephyrmancers
  18 fauns
  3 orc sorcerers
  35 ugly things
  24 salamanders
  3 shining eyes (Slime:4)
  34 moths of wrath
  An ugly thing (shapeshifter) (Vaults:5)
  5 cyclopes
  A fire giant skeleton (Vaults:5)
  4 elephants (Lair:4)
  A shadow dragon skeleton (Vaults:5)
  An elephant (shapeshifter) (D:10)
  20 manticores
  41 black mambas
  19 vault sentinels
  2 kobold blastminers (Orc:1)
  A toenail golem (D:14)
  6 guardian serpents
  11 merfolk sirens
  A dire elephant zombie (Crypt:3)
  Joseph (D:7)
  An ice statue (IceCv)
  2 eyes of devastation (Slime:5)
  A gargoyle (D:12)
  11 water nymphs
  15 cane toads
  15 naga magi
  4 orange demons
  Maggie (Lair:2)
  A dire elephant skeleton (Crypt:2)
  An orb spider zombie (Crypt:1)
  A smoke demon (Lair:5)
  A rime drake (shapeshifter) (Elf:3)
  12 rime drakes
  A yellow draconian zombie (Crypt:2)
  A red draconian zombie (Crypt:3)
  7 freezing wraiths
  9 komodo dragons
  2 ice devils
  An unseen horror (shapeshifter) (D:13)
  2 kobold demonologists (D:11)
  An efreet (D:11)
  A spectral glowing shapeshifter (Depths:3)
  2 tengu conjurers (Depths:2)
  28 yaktaurs
  A grey draconian skeleton (Crypt:3)
  15 guardian mummies
  2 red devils (Lair:5)
  A merfolk (shapeshifter) (Vaults:5)
  A white draconian skeleton (Crypt:3)
  6 polar bears
  A spriggan skeleton (Depths:1)
  32 merfolk
  11 trolls
  8 wind drakes
  18 blink frogs
  A death drake skeleton (Crypt:2)
  3 hornets
  A tarantella (Vaults:2)
  A dream sheep (shapeshifter) (Vaults:5)
  A glass eye (shapeshifter) (Depths:3)
  A satyr zombie (Crypt:3)
  A spriggan zombie (Depths:2)
  72 slime creatures
  4 dream sheep (Shoals:3)
  7 glass eyes
  A frost giant simulacrum (Vaults:5)
  6 snapping turtles
  A black mamba zombie (Crypt:3)
  A stone giant simulacrum (Vaults:5)
  2 air elementals (Elf:3)
  A culicivora (Vaults:2)
  16 water elementals
  A vampire (D:8)
  8 shadows
  A culicivora (shapeshifter) (D:10)
  A basilisk (shapeshifter) (D:10)
  26 wraiths
  A fire bat (shapeshifter) (D:10)
  5 wyverns
  10 basilisks
  6 golden eyes
  4 fire elementals
  13 wargs
  33 yaks
  2 humans (shapeshifter)
  2 redbacks (Vaults:2)
  A steam dragon (D:7)
  2 neqoxecs (D:10)
  4 vampire mosquitoes (D:13)
  A fire bat zombie (Crypt:3)
  A chaos spawn (D:15)
  42 nagas
  A two-headed ogre zombie (D:11)
  2 acid dragons
  A water nymph zombie (Crypt:2)
  Duvessa (D:5)
  19 water moccasins
  A deep troll skeleton (Crypt:3)
  3 hell hounds (Lair:5)
  A glowing shapeshifter skeleton (Depths:2)
  2 faun skeletons (Crypt:1)
  2 black bears
  A sky beast (D:6)
  27 orc warriors
  A swamp drake (D:11)
  An ice beast (D:5)
  A crocodile (shapeshifter) (D:10)
  A snapping turtle zombie (Crypt:1)
  17 ogres
  8 boggarts
  31 laughing skulls
  9 centaurs
  A blink frog zombie (Crypt:3)
  18 wolves
  3 phantoms
  9 weeping skulls (Crypt:3)
  2 komodo dragon zombies
  12 bullfrogs
  4 kobold brigands
  2 earth elementals (Elf:3)
  5 necrophages
  A yaktaur skeleton (Crypt:1)
  A water moccasin zombie (Crypt:1)
  2 scorpions (D:7)
  5 wights (D:8)
  Dowan (D:5)
  10 killer bees
  A troll zombie (D:11)
  6 howler monkeys
  3 bombardier beetles
  3 lava snakes (Lair:2)
  2 hounds
  A human zombie (Crypt:3)
  13 jellies
  31 orc priests
  A gnoll bouda (D:6)
  2 sleepcaps
  A black bear skeleton (Crypt:2)
  3 iguanas
  18 orc wizards
  6 ogre zombies (D:11)
  A naga skeleton (Crypt:1)
  2 deep dwarf skeletons
  2 gnolls (D:2)
  6 adders
  A white imp (D:6)
  3 dart slugs
  A ribbon worm (D:2)
  88 orcs
  6 ball pythons
  7 bats
  6 endoplasms
  A giant cockroach (D:2)
  3 gnoll zombies (D:11)
  3 hobgoblins
  2 jackals (D:5)
  2 quokkas
  A bombardier beetle zombie (Crypt:2)
  2 frilled lizards (D:3)
  4 gnoll skeletons
  18 goblins
  16 kobolds
  19 orc zombies (D:11)
  5 rats
  8 aspiring fleshes
2611 creatures vanquished.

Vanquished Creatures (collateral kills)
  An ancient lich (Zot:5)
  A Killer Klown (Zot:5)
  An electric golem (Zot:5)
  3 tentacled monstrosities
  2 liches
  2 storm dragons
  A shadow dragon (Zot:5)
  3 protean progenitors
  A nagaraja (Snake:3)
  A draconian monk (Zot:2)
  3 frost giants (Depths:2)
  2 stone giants
  4 very ugly things
  A deep elf demonologist (Elf:2)
  2 deep elf annihilators
  3 purple draconians (Zot:2)
  4 white draconians
  2 black draconians
  A red draconian (Zot:2)
  A merfolk impaler (Shoals:2)
  An ice dragon (Depths:3)
  2 anacondas (Snake:4)
  A catoblepas (Shoals:2)
  A naga warrior (Snake:3)
  A shock serpent (Snake:4)
  A sea snake (Shoals:2)
  A deep elf archer (Elf:2)
  2 slime creatures
  2 deep elf pyromancers
  An ugly thing (Depths:1)
  2 fauns (Shoals:2)
  A merfolk siren (Shoals:3)
  A water nymph (Shoals:2)
  A naga mage (Snake:3)
  A merfolk (Shoals:3)
  2 water elementals
  An air elemental (Elf:2)
  A spriggan (Depths:4)
  2 orcs (Elf:3)
  An aspiring flesh (Zot:4)
65 creatures vanquished.

Vanquished Creatures (others)
  A water elemental (Elf:3)
  A jelly (D:5)
  773 fire vortices
  366 fulminant prisms
1141 creatures vanquished.

Grand Total: 3817 creatures vanquished

Notes
Turn   | Place    | Note
-------+----------+-------------------------------------------
     0 | D:1      | Sobieck the Tengu Conjurer began the quest for the Orb.
     0 | D:1      | Reached XP level 1. HP: 10/10 MP: 4/4
   142 | D:1      | Reached XP level 2. HP: 15/15 MP: 0/6
   145 | D:1      | Learned a level 2 spell: Searing Ray
   831 | D:2      | Reached skill level 6 in Conjurations
   831 | D:2      | Reached XP level 3. HP: 19/19 MP: 1/8
  1348 | D:2      | Reached skill level 3 in Spellcasting
  1457 | D:2      | Reached XP level 4. HP: 24/24 MP: 6/9
  1971 | D:3      | Learned a level 4 spell: Fulminant Prism
  2074 | D:3      | Reached skill level 1 in Alchemy
  2074 | D:3      | Reached XP level 5. HP: 28/28 MP: 5/11
  2214 | D:3      | Reached skill level 7 in Conjurations
  2734 | D:4      | Noticed a black bear
  2739 | D:4      | Killed a black bear
  2740 | D:4      | Reached XP level 6. HP: 32/32 MP: 5/13
  2889 | D:4      | Found a sparkling altar of Nemelex Xobeh.
  3300 | D:4      | Found a bloodstained altar of Trog.
  3343 | D:5      | Entered Level 5 of the Dungeon
  3375 | D:5      | Noticed an ice beast
  3384 | D:5      | Killed an ice beast
  3385 | D:5      | Gained mutation: Your magical flight helps you evade
                  | attacks. (EV +4) [Tengu growth]
  3385 | D:5      | Reached XP level 7. HP: 36/36 MP: 7/14
  3408 | D:5      | Learned a level 4 spell: Iskenderun's Mystic Blast
  3428 | D:5      | Noticed Duvessa
  3446 | D:5      | Killed Duvessa
  3447 | D:5      | Reached skill level 8 in Conjurations
  3447 | D:5      | Reached skill level 3 in Alchemy
  3555 | D:5      | Noticed Dowan
  3568 | D:5      | Killed Dowan
  4149 | D:6      | Reached XP level 8. HP: 41/41 MP: 8/17
  4182 | D:6      | Reached skill level 9 in Conjurations
  4385 | D:6      | Reached skill level 6 in Spellcasting
  4543 | D:6      | Reached skill level 10 in Conjurations
  5064 | D:6      | Reached skill level 11 in Conjurations
  5310 | D:7      | Identified the +0 leather armour of Altruism {^Drain Will+
                  | Int+2}
  5333 | D:7      | Reached XP level 9. HP: 42/45 MP: 8/19
  5391 | D:7      | Reached skill level 12 in Conjurations
  5452 | D:7      | Found a shimmering altar of Xom.
  5495 | D:7      | Found a staircase to the Ecumenical Temple.
  5504 | Temple   | Entered the Ecumenical Temple
  5523 | Temple   | Became a worshipper of Vehumet
  5640 | D:7      | Reached skill level 13 in Conjurations
  5741 | D:7      | Reached skill level 1 in Fighting
  5741 | D:7      | Reached skill level 1 in Shields
  5787 | D:7      | Noticed Joseph
  5935 | D:7      | Killed Joseph
  5936 | D:7      | Reached skill level 3 in Dodging
  5936 | D:7      | Reached skill level 1 in Translocations
  6101 | D:7      | Found a shimmering blue altar of Sif Muna.
  6446 | D:7      | Found a snail-covered altar of Cheibriados.
  6449 | D:7      | Found an ancient bone altar of Kikubaaqudgha.
  6474 | D:7      | Identified a scroll of acquirement
  6474 | D:7      | Acquired a staff of conjuration
  6572 | D:8      | Noticed a hornet
  6723 | D:8      | Killed a hornet
  6724 | D:8      | Reached XP level 10. HP: 54/54 MP: 16/20
  7085 | D:8      | Reached * piety under Vehumet
  7085 | D:8      | Offered knowledge of Foxfire by Vehumet.
  7086 | D:8      | Reached skill level 3 in Fighting
  7086 | D:8      | Reached skill level 3 in Shields
  7310 | D:8      | Found a stormy altar of Qazlal.
  7405 | D:8      | Found a burning altar of Makhleb.
  7997 | D:9      | Found a hazy altar of Hepliaklqana.
  8148 | D:9      | Reached skill level 3 in Translocations
  8161 | D:9      | Offered knowledge of Shock by Vehumet.
  8383 | D:10     | Entered Level 10 of the Dungeon
  8508 | D:10     | Noticed a two-headed ogre
  8594 | D:10     | Killed a two-headed ogre
  8595 | D:10     | Reached skill level 14 in Conjurations
  8699 | D:10     | Found a broken altar of Ashenzari.
  8739 | D:10     | Found a runed translucent gate.
  8739 | D:10     | Found a runed translucent gate.
  8739 | D:10     | Found a runed translucent gate.
  8740 | D:10     | Noticed a glowing orange brain
  8740 | D:10     | Noticed a red ugly thing
  8741 | D:10     | Noticed a sea snake
  8741 | D:10     | a sea snake changed into a glass eye
  8741 | D:10     | Noticed a red ugly thing
  8743 | D:10     | Noticed a brown ugly thing
  8743 | D:10     | Noticed a green ugly thing
  8743 | D:10     | a glass eye changed into a lindwurm
  8743 | D:10     | Noticed a lindwurm (glowing shapeshifter)
  8772 | D:10     | Reached ** piety under Vehumet
  8792 | D:10     | Noticed Lodul
  8793 | D:10     | Reached XP level 11. HP: 62/62 MP: 14/23
  8818 | D:10     | Killed Lodul
  9429 | D:10     | Noticed a two-headed ogre
  9445 | D:10     | Killed a two-headed ogre
  9837 | D:10     | Noticed a faun
  9843 | D:10     | a faun changed into a swamp dragon
  9843 | D:10     | Noticed a swamp dragon (glowing shapeshifter)
  9848 | D:10     | a swamp dragon changed into a water nymph
  9849 | D:10     | a water nymph changed into a glowing shapeshifter
  9849 | D:10     | Noticed a glowing shapeshifter (glowing shapeshifter)
  9850 | D:10     | a glowing shapeshifter changed into a snapping turtle
  9850 | D:10     | Noticed a snapping turtle (glowing shapeshifter)
  9865 | D:11     | Noticed Sonja
  9886 | D:11     | Killed Sonja
 10029 | D:11     | Reached skill level 15 in Conjurations
 10267 | D:11     | Offered knowledge of Mephitic Cloud by Vehumet.
 10302 | D:11     | Reached *** piety under Vehumet
 10396 | D:11     | Reached skill level 1 in Fire Magic
 10411 | D:11     | Found a staircase to the Orcish Mines.
 10532 | D:11     | Offered knowledge of Brom's Barrelling Boulder by Vehumet.
 10585 | D:11     | Reached skill level 3 in Fire Magic
 10721 | D:11     | Noticed a sixfirhy
 10747 | D:11     | Found a staircase to the Lair.
 10855 | D:11     | Reached **** piety under Vehumet
 10856 | D:11     | Reached XP level 12. HP: 68/68 MP: 17/25
 10873 | D:11     | Learned a level 6 spell: Starburst
 11093 | D:12     | Reached skill level 6 in Fire Magic
 11108 | D:12     | Found a radiant altar of Vehumet.
 11175 | D:12     | Identified the +4 ring mail "Duquliul" {rCorr Str+3 Int+5}
 11772 | D:12     | Noticed a centaur warrior
 11797 | D:12     | Killed a centaur warrior
 12134 | Lair:1   | Entered Level 1 of the Lair of Beasts
 12141 | Lair:1   | Offered knowledge of Yara's Violent Unravelling by Vehumet.
 12184 | Lair:1   | Reached skill level 9 in Fire Magic
 12208 | Lair:1   | Identified the +4 long sword "Ananuc" {antimagic, rCorr}
 12534 | Lair:1   | Found a frozen archway.
 12545 | IceCv    | Entered an ice cave
 12590 | IceCv    | Noticed a death yak
 12597 | IceCv    | Reached skill level 9 in Spellcasting
 12597 | IceCv    | Killed a death yak
 12631 | IceCv    | Noticed a death yak
 12633 | IceCv    | Noticed a death yak
 12647 | IceCv    | Noticed a death yak
 12659 | IceCv    | Killed a death yak
 12660 | IceCv    | Reached skill level 16 in Conjurations
 12669 | IceCv    | Killed a death yak
 12673 | IceCv    | Killed a death yak
 12739 | IceCv    | Noticed a death yak
 12739 | IceCv    | Noticed a frost giant
 12764 | IceCv    | Killed a frost giant
 12776 | IceCv    | Reached XP level 13. HP: 72/72 MP: 14/27
 12832 | IceCv    | Reached skill level 17 in Conjurations
 12992 | IceCv    | Reached skill level 18 in Conjurations
 13484 | Lair:2   | Noticed Maggie
 13493 | Lair:2   | Killed Maggie
 13629 | Lair:2   | Reached ***** piety under Vehumet
 13630 | Lair:2   | Reached skill level 6 in Dodging
 13631 | Lair:2   | Reached skill level 6 in Fighting
 13661 | Lair:2   | Offered knowledge of Fireball by Vehumet.
 13776 | Lair:2   | Found a staircase to the Shoals.
 14021 | Lair:2   | Found a staircase to the Snake Pit.
 14870 | Lair:3   | Reached skill level 19 in Conjurations
 14876 | Lair:3   | Reached XP level 14. HP: 82/82 MP: 21/29
 14880 | Lair:3   | Reached skill level 9 in Dodging
 14880 | Lair:3   | Reached skill level 1 in Air Magic
 14881 | Lair:3   | Reached skill level 3 in Air Magic
 15057 | Lair:3   | Reached skill level 6 in Air Magic
 15711 | Lair:4   | Reached skill level 9 in Air Magic
 15867 | Lair:4   | Found a runed translucent gate.
 15867 | Lair:4   | Found a runed translucent gate.
 15868 | Lair:4   | Found a runed translucent gate.
 15868 | Lair:4   | Noticed an azure jelly
 15869 | Lair:4   | Noticed an azure jelly
 15869 | Lair:4   | Noticed puppykicker's ghost (journeyman DEGl)
 15869 | Lair:4   | Noticed an azure jelly
 15870 | Lair:4   | Noticed an azure jelly
 15870 | Lair:4   | Noticed an acid blob
 15870 | Lair:4   | Noticed a quicksilver ooze
 15870 | Lair:4   | Found the dreamshard necklace {Acrobat *Dream}
 15871 | Lair:4   | Noticed an acid blob
 15871 | Lair:4   | Noticed an acid blob
 15871 | Lair:4   | Noticed an acid blob
 15871 | Lair:4   | Noticed an azure jelly
 15872 | Lair:4   | Noticed an acid blob
 15872 | Lair:4   | Noticed an acid blob
 16110 | Lair:4   | Found a viscous altar of Jiyva.
 16110 | Lair:4   | Found a staircase to the Slime Pits.
 16322 | Lair:4   | Found a viscous altar of Jiyva.
 16405 | Lair:5   | Entered Level 5 of the Lair of Beasts
 16560 | Lair:5   | Reached skill level 12 in Air Magic
 17034 | Lair:5   | Found a burning altar of Makhleb.
 17091 | Lair:5   | Reached XP level 15. HP: 86/86 MP: 21/30
 17157 | Lair:5   | Offered knowledge of Eringya's Noxious Bog by Vehumet.
 17161 | Lair:5   | Found a gateway to Hell.
 18002 | Orc:1    | Entered Level 1 of the Orcish Mines
 18201 | Orc:1    | Reached skill level 15 in Air Magic
 18256 | Orc:1    | Found Osues's Book Shoppe.
 18260 | Orc:1    | Found Qiac's Book Shoppe.
 18264 | Orc:1    | Bought a book of Spontaneous Combustion for 418 gold pieces
 18264 | Orc:1    | Bought a book of Burglary for 242 gold pieces
 18264 | Orc:1    | Bought a book of the Moon for 440 gold pieces
 18270 | Orc:1    | Learned a level 5 spell: Irradiate
 18289 | Orc:1    | Found Qifrem's Antique Weapon Shop.
 18305 | Orc:1    | Found Coefrihu's Book Shop.
 18515 | Orc:1    | Found Rohopp's General Store.
 18706 | Orc:2    | Entered Level 2 of the Orcish Mines
 19116 | Orc:2    | Offered knowledge of Plasma Beam by Vehumet.
 19134 | Orc:1    | Learned a level 6 spell: Plasma Beam
 19379 | Orc:2    | Found a staircase to the Elven Halls.
 19816 | Orc:2    | Found Ovorivog's Distillery.
 20056 | Orc:2    | Found Enexkit's Armour Shoppe.
 20083 | Orc:2    | Found Geparuto's Distillery.
 20249 | Orc:2    | Bought a potion of ambrosia for 128 gold pieces
 20257 | Orc:2    | Bought a potion of resistance for 160 gold pieces
 20257 | Orc:2    | Bought a potion of haste for 160 gold pieces
 20257 | Orc:2    | Bought 2 potions of curing for 96 gold pieces
 20257 | Orc:2    | Bought a potion of haste for 160 gold pieces
 20257 | Orc:2    | Bought a potion of haste for 160 gold pieces
 20257 | Orc:2    | Bought a potion of cancellation for 128 gold pieces
 20257 | Orc:2    | Bought a potion of curing for 48 gold pieces
 20273 | Orc:2    | Bought 2 potions of heal wounds for 130 gold pieces
 20273 | Orc:2    | Bought a potion of curing for 39 gold pieces
 20273 | Orc:2    | Bought a potion of curing for 39 gold pieces
 20273 | Orc:2    | Bought a potion of curing for 39 gold pieces
 20364 | D:13     | Reached skill level 18 in Air Magic
 21811 | D:14     | Reached XP level 16. HP: 92/92 MP: 25/32
 21847 | D:13     | Learned a level 8 spell: Maxwell's Capacitive Coupling
 21969 | D:14     | Found a gate to the Vaults.
 22918 | D:15     | Entered Level 15 of the Dungeon
 23243 | Vaults:1 | Entered Level 1 of the Vaults
 23247 | Vaults:1 | Noticed Donald
 23252 | Vaults:1 | Killed Donald
 23321 | Vaults:1 | Offered knowledge of Freezing Cloud by Vehumet.
 23663 | Vaults:1 | Reached skill level 21 in Air Magic
 24013 | Vaults:1 | Reached skill level 12 in Fire Magic
 24087 | Vaults:1 | Paralysed by a formless jellyfish for 1 turns
 24460 | Vaults:1 | Reached XP level 17. HP: 96/96 MP: 25/33
 25355 | Vaults:2 | Reached skill level 15 in Fire Magic
 25403 | Vaults:2 | Reached ****** piety under Vehumet
 25615 | Vaults:2 | Offered knowledge of Conjure Ball Lightning by Vehumet.
 25746 | Vaults:2 | Found a staircase to the Crypt.
 26771 | Vaults:2 | Identified the serpent talisman of Pathos {rElec rC- Dex+3}
 26771 | Vaults:2 | Noticed Aizul
 26783 | Vaults:2 | Killed Aizul
 26884 | Vaults:2 | Noticed Xtahua
 26939 | Vaults:3 | Reached XP level 18. HP: 101/101 MP: 17/34
 27078 | Vaults:3 | Reached skill level 18 in Fire Magic
 27154 | Vaults:2 | Killed Xtahua
 27372 | Vaults:2 | Offered knowledge of Lee's Rapid Deconstruction by Vehumet.
 28107 | Vaults:3 | Reached skill level 12 in Spellcasting
 28361 | Vaults:3 | Noticed a lich
 28362 | Vaults:3 | Killed a lich
 28612 | Vaults:3 | Paralysed by a sphinx for 2 turns
 28644 | Vaults:3 | Found the +27 heavy crossbow "Sniper" {heavy, Acc+∞ SInv}
 29280 | Vaults:4 | Reached XP level 19. HP: 103/105 MP: 35/37
 29391 | Vaults:4 | Found Wudizeo's Armour Boutique.
 29411 | Vaults:4 | Bought the -2 hat of the Alchemist {rElec rPois rF+ rC+ rN+
                  | Will+ rMut rCorr} for 708 gold pieces
 29411 | Vaults:4 | Found the -2 hat of the Alchemist {rElec rPois rF+ rC+ rN+
                  | Will+ rMut rCorr}
 29758 | Vaults:4 | Offered knowledge of Spellforged Servitor by Vehumet.
 30910 | Vaults:4 | Reached skill level 21 in Fire Magic
 31115 | Vaults:4 | Learned a level 8 spell: Ignition
 31202 | Crypt:1  | Entered Level 1 of the Crypt
 31700 | Crypt:1  | Noticed Sojobo
 31712 | Crypt:1  | Killed Sojobo
 31808 | Crypt:1  | Reached skill level 15 in Spellcasting
 32433 | Crypt:1  | Reached XP level 20. HP: 52/110 MP: 31/40
 32872 | Crypt:2  | Offered knowledge of Fire Storm by Vehumet.
 32872 | Crypt:2  | Offered knowledge of Shatter by Vehumet.
 32872 | Crypt:2  | Offered knowledge of Chain Lightning by Vehumet.
 33448 | Crypt:3  | Entered Level 3 of the Crypt
 33990 | Crypt:2  | Reached skill level 20 in Conjurations
 34364 | Crypt:3  | Reached skill level 21 in Conjurations
 34387 | Crypt:2  | benadryl: laser bird
 34480 | Crypt:3  | Sobieck: Yes. Dumb laser bird that is going to kill a very
                  | good character because I went into the vaults early.
 34487 | Crypt:3  | benadryl: you've got this
 34516 | Crypt:3  | Sobieck: brb
 35182 | Crypt:3  | Found a staircase to the Tomb.
 35266 | Crypt:3  | Reached skill level 22 in Conjurations
 35848 | Crypt:3  | Found a basalt altar of Yredelemnul.
 36637 | Crypt:3  | Found an ancient bone altar of Kikubaaqudgha.
 36779 | Crypt:3  | Got the Compendium of the Mortuary
 36807 | Crypt:3  | Identified the ring of Life {Fire rElec Dex+2 Slay+5}
 36876 | Crypt:3  | Reached XP level 21. HP: 115/115 MP: 30/41
 37323 | Crypt:3  | Found an ancient bone altar of Kikubaaqudgha.
 37331 | Crypt:3  | Got the Secrets of the Familiar and Scree
 37496 | Vaults:4 | Learned a level 9 spell: Chain Lightning
 37542 | Vaults:5 | Entered Level 5 of the Vaults
 37545 | Vaults:5 | Reached skill level 23 in Conjurations
 37696 | Vaults:4 | Bought a +0 robe of positive energy for 70 gold pieces
 37790 | Vaults:5 | Reached skill level 24 in Conjurations
 37793 | Vaults:5 | Noticed a golden dragon
 37797 | Vaults:5 | Killed a golden dragon
 37946 | Vaults:5 | Reached skill level 24 in Air Magic
 38018 | Vaults:5 | Noticed a dread lich
 38021 | Vaults:5 | Killed a dread lich
 38022 | Vaults:5 | Reached XP level 22. HP: 118/120 MP: 21/42
 38023 | Vaults:5 | Reached skill level 25 in Conjurations
 38024 | Vaults:5 | Noticed a golden dragon
 38101 | Vaults:5 | Killed a golden dragon
 38591 | Vaults:5 | Identified the +4 great sword of Hospitality {flame,
                  | *Corrode Will+ Str+4 SInv}
 38602 | Vaults:5 | Identified the +6 falchion of the Sky {speed, Will++}
 38823 | Vaults:5 | Noticed an ancient lich
 38827 | Vaults:5 | Killed an ancient lich
 38857 | Vaults:5 | Learned a level 9 spell: Fire Storm
 38934 | Vaults:5 | Noticed a golden dragon
 38938 | Vaults:5 | Killed a golden dragon
 39036 | Vaults:5 | Got a silver rune of Zot
 39190 | Vaults:5 | Identified the +7 orcbow of Distraction {heavy, rPois}
 39603 | Vaults:5 | Got the Encyclopedia of the Burn and the Fjord
 39620 | Vaults:5 | Identified the +0 cloak of Gallantry {rElec}
 39720 | Vaults:5 | Found Caotaven's Magic Scroll Shop.
 39725 | Vaults:5 | Bought a scroll of revelation for 120 gold pieces
 39725 | Vaults:5 | Bought a scroll of summoning for 152 gold pieces
 39732 | Vaults:5 | Found Ockan's Distillery.
 39732 | Vaults:5 | Found Potik's Magic Scroll Boutique.
 39736 | Vaults:5 | Bought a potion of haste for 170 gold pieces
 39736 | Vaults:5 | Bought a potion of magic for 136 gold pieces
 40007 | D:15     | Found Deaduj's Weapon Emporium.
 40059 | D:15     | Found Xymiaw's Weapon Emporium.
 40087 | D:15     | Found Ruom's Book Emporium.
 40138 | D:15     | Learned a level 3 spell: Swiftness
 40173 | D:15     | Found Puuh Wytzan's Jewellery Shoppe.
 40325 | D:15     | Noticed Josephine
 40327 | D:15     | Killed Josephine
 40720 | D:15     | Found a staircase to the Depths.
 40988 | Snake:1  | Entered Level 1 of the Snake Pit
 42851 | Snake:3  | Reached skill level 26 in Conjurations
 43258 | Snake:3  | Reached XP level 23. HP: 127/127 MP: 44/44
 44399 | Snake:4  | Entered Level 4 of the Snake Pit
 44540 | Snake:4  | Reached skill level 9 in Fighting
 44724 | Snake:4  | Identified the +8 quarterstaff of Ybiugun {venom, rF- rN+
                  | Int+4}
 45167 | Snake:4  | Got a serpentine rune of Zot
 45567 | Snake:4  | Found Mousax's Jewellery Shop.
 45567 | Snake:4  | Found Nigeonimoast's Book Emporium.
 45568 | Snake:4  | Found Lunla's Jewellery Shop.
 46013 | Shoals:1 | Entered Level 1 of the Shoals
 46327 | Shoals:1 | Reached skill level 12 in Dodging
 47373 | Shoals:2 | Found Paetuc Jocath's Antique Armour Emporium.
 48794 | Shoals:3 | Found Coraj's Antique Weapon Boutique.
 49209 | Shoals:4 | Entered Level 4 of the Shoals
 49559 | Shoals:4 | Reached XP level 24. HP: 140/140 MP: 44/44
 49856 | Shoals:4 | Got a barnacled rune of Zot
 49879 | Shoals:4 | Reached skill level 1 in Evocations
 50528 | Shoals:4 | Reached skill level 12 in Fighting
 51123 | Slime:1  | Entered Level 1 of the Pits of Slime
 51230 | Slime:2  | Reached skill level 3 in Evocations
 51548 | Slime:5  | Entered Level 5 of the Pits of Slime
 51559 | Slime:5  | Reached skill level 27 in Conjurations
 51604 | Slime:5  | Reached skill level 6 in Evocations
 52020 | Slime:5  | Noticed the Royal Jelly
 52023 | Slime:5  | Killed the Royal Jelly
 52030 | Slime:4  | Noticed Dissolution
 52174 | Slime:5  | Identified the +6 short sword "Vama" {freeze, Int+2 Dex+4}
 52175 | Slime:5  | Identified the -1 buckler of the Salamander {rPois rC+
                  | Will- Dex+4}
 52189 | Slime:5  | Got a slimy rune of Zot
 52200 | Slime:5  | Got Neimerru's Precepts of Incandescence
 52204 | Slime:5  | Identified the +5 leather armour "Dier" {*Slow +Blink Will-
                  | SInv}
 52271 | Slime:4  | Killed Dissolution
 52584 | D:10     | Found a runed translucent gate.
 52584 | D:10     | Found a runed translucent gate.
 52587 | D:10     | Found a runed translucent gate.
 52587 | D:10     | Noticed ratboy's ghost (journeyman AtBe)
 52598 | D:10     | Killed ratboy's ghost
 52605 | D:10     | Learned a level 1 spell: Apportation
 52948 | Shoals:2 | Bought a spiked robe for 199 gold pieces
 52948 | Shoals:2 | Identified the +1 robe of the Barnacle {Rampage +Blink rF-
                  | rN+} (You bought it in a shop on level 2 of the Shoals)
 53272 | Depths:1 | Entered Level 1 of the Depths
 53717 | Vaults:1 | Acquired 741 gold pieces
 53845 | Vaults:5 | Bought 2 potions of heal wounds for 170 gold pieces
 53845 | Vaults:5 | Bought 2 potions of heal wounds for 170 gold pieces
 53845 | Vaults:5 | Bought a potion of heal wounds for 85 gold pieces
 53845 | Vaults:5 | Bought a potion of curing for 51 gold pieces
 53856 | Vaults:5 | Bought a scroll of teleportation for 48 gold pieces
 53856 | Vaults:5 | Bought a scroll of teleportation for 48 gold pieces
 54838 | Depths:1 | Found a one-way gateway to a ziggurat.
 54841 | Depths:1 | Reached XP level 25. HP: 125/147 MP: 45/45
 55073 | Depths:1 | Found Qaecs's Antique Armour Emporium.
 55079 | Depths:1 | Bought a smoking hat for 306 gold pieces
 55079 | Depths:1 | Identified the +0 hat of Caluevai {Int+5} (You bought it in
                  | a shop on level 1 of the Depths)
 55333 | Depths:2 | Reached skill level 18 in Spellcasting
 55453 | Depths:2 | Noticed a juggernaut
 55604 | Depths:2 | Killed a juggernaut
 55728 | Depths:2 | Found Unucoca's Assorted Antiques.
 55739 | Depths:2 | Bought a scroll of blinking for 247 gold pieces
 55739 | Depths:2 | Bought a scroll of enchant armour for 247 gold pieces
 56314 | Depths:2 | Found Loklac's General Store.
 56390 | Depths:2 | Reached skill level 6 in Shields
 56543 | Depths:2 | Killed an ancient lich
 56837 | Depths:2 | Got Sif Muna's Discourse on Stormy Glamour
 56848 | Depths:2 | Found Kimmoal's Antique Armour Shop.
 56854 | Depths:2 | Bought an embroidered cloak for 315 gold pieces
 56858 | Depths:2 | Found Zuott's Hallowed Reliquary.
 56860 | Depths:2 | Found a glowing silver altar of Zin.
 56878 | Depths:2 | Bought a potion of heal wounds for 110 gold pieces
 56878 | Depths:2 | Bought a potion of heal wounds for 110 gold pieces
 56878 | Depths:2 | Bought a potion of curing for 66 gold pieces
 56878 | Depths:2 | Bought a potion of curing for 66 gold pieces
 56878 | Depths:2 | Bought a potion of heal wounds for 110 gold pieces
 56978 | Depths:2 | Found a one-way gate leading to the halls of Pandemonium.
 57385 | Elf:1    | Entered Level 1 of the Elven Halls
 57389 | Elf:1    | Reached skill level 9 in Shields
 57825 | Elf:1    | Reached XP level 26. HP: 158/158 MP: 46/46
 58504 | Elf:2    | Reached skill level 12 in Shields
 58702 | Elf:2    | Found a huge runed translucent gate.
 58702 | Elf:2    | Found a huge runed translucent gate.
 58702 | Elf:2    | Found a huge runed translucent gate.
 58703 | Elf:2    | Found a huge runed translucent gate.
 58704 | Elf:2    | Found a huge runed translucent gate.
 58792 | Elf:2    | Noticed Roxanne
 58871 | Elf:2    | Killed Roxanne
 58896 | Elf:2    | Found a runed translucent door.
 58897 | Elf:2    | Noticed Afetinu's ghost (adept MiWn)
 59020 | Elf:3    | Entered Level 3 of the Elven Halls
 59053 | Elf:3    | Noticed Saint Roka
 59055 | Elf:3    | Killed Saint Roka
 59172 | Elf:3    | Found a flickering gateway to a bazaar.
 59184 | Bazaar   | Entered a bazaar
 59196 | Bazaar   | Found Mumaogi's Distillery.
 59212 | Bazaar   | Found Totuirgh's Magic Scroll Shop.
 59219 | Bazaar   | Learned a level 2 spell: Blink
 59239 | Bazaar   | Found Jepleufe's Magic Scroll Shop.
 59277 | Bazaar   | Found Qoiwka's Distillery.
 59285 | Bazaar   | Bought a potion of cancellation for 56 gold pieces
 59285 | Bazaar   | Bought a potion of brilliance for 28 gold pieces
 59285 | Bazaar   | Bought a potion of mutation for 56 gold pieces
 59309 | Bazaar   | Bought a scroll of teleportation for 33 gold pieces
 59309 | Bazaar   | Bought a scroll of amnesia for 44 gold pieces
 59309 | Bazaar   | Bought a scroll of teleportation for 33 gold pieces
 59309 | Bazaar   | Bought a scroll of revelation for 82 gold pieces
 59324 | Bazaar   | Bought a potion of mutation for 88 gold pieces
 59324 | Bazaar   | Bought a potion of brilliance for 44 gold pieces
 59324 | Bazaar   | Bought a potion of curing for 33 gold pieces
 59324 | Bazaar   | Bought a potion of heal wounds for 55 gold pieces
 60006 | Elf:3    | Identified the +6 dagger "Noeguogg" {distort, ^Drain Int+2
                  | Stlth+} (You took it off a deep elf knight on level 3 of
                  | the Elven Halls)
 60195 | Elf:3    | Noticed Zenata
 60197 | Elf:3    | Killed Zenata
 60219 | Elf:3    | Reached skill level 15 in Shields
 60223 | Elf:3    | Noticed Louise
 60224 | Elf:3    | Killed Louise
 60274 | Elf:3    | Identified the +1 robe of Unreason {Slay+2} (You took it
                  | off a deep elf sorcerer on level 3 of the Elven Halls)
 60389 | Elf:3    | Identified the +4 dagger of Kiamuf {flame, rC+}
 60400 | Elf:3    | Identified the staff "Xatelad" {rElec Int+5 Air}
 60432 | Elf:3    | Identified the staff "Vynuwonu" {Str+3 Dex+4 Earth}
 60438 | Elf:3    | Identified the +3 broad axe of the Shimmering Augurer
                  | {spect, rPois Dex+6}
 60440 | Elf:3    | Identified the ring of Estryudyw {Wiz ^Contam rN++ rCorr
                  | Stlth+}
 60451 | Elf:3    | Identified the +4 mace of Duty {protect, Int+3}
 60549 | Elf:3    | Identified the +0 dagger "Xuegol" {antimagic, rF+ Will+
                  | rCorr}
 61312 | Depths:3 | Reached skill level 24 in Fire Magic
 61458 | Depths:3 | Reached XP level 27. HP: 163/163 MP: 43/46
 61649 | Depths:3 | Found a one-way gate to the infinite horrors of the Abyss.
 61807 | Depths:3 | Identified the +0 robe of Ennui {rElec rC+}
 62134 | Depths:3 | Noticed a royal mummy
 62138 | Depths:3 | Killed a royal mummy
 62295 | Depths:3 | Found a glowing silver altar of Zin.
 62445 | Depths:4 | Entered Level 4 of the Depths
 62643 | Depths:4 | Noticed the Enchantress
 62645 | Depths:4 | Killed the Enchantress
 62753 | Depths:4 | Identified the +7 whip of the Forsaken Artists {venom,
                  | *Corrode rPois Str+5 SInv}
 63062 | Depths:4 | Found a gate to the Realm of Zot.
 63371 | Depths:4 | Found an ancient bone altar of Kikubaaqudgha.
 63713 | Zot:1    | Entered Level 1 of the Realm of Zot
 63829 | Zot:1    | Reached skill level 15 in Dodging
 63931 | Zot:1    | Noticed an orb of fire
 63934 | Zot:1    | Killed an orb of fire
 64505 | Zot:1    | Found a transporter.
 64505 | Zot:1    | Found a transporter.
 64531 | Zot:1    | Identified the ring of Etsaav {rF+ rC+ rN+ MP+9 Dex+4}
 64531 | Zot:1    | Noticed an ancient lich
 64724 | Zot:2    | Reached skill level 15 in Fighting
 65103 | Zot:2    | Reached skill level 18 in Dodging
 65924 | Zot:2    | Identified the +1 spear of Tumult {venom, Int+2} (You took
                  | it off a draconian shifter on level 2 of the Realm of Zot)
 66408 | Zot:2    | Identified the +7 hand cannon of Deghucank {speed, Fly
                  | Str+4}
 67168 | Zot:3    | Identified the ring "Ofolacvi" {rF+ Int+2}
 67264 | Zot:3    | Reached skill level 18 in Fighting
 68065 | Zot:4    | Reached skill level 21 in Dodging
 68588 | Zot:5    | Entered Level 5 of the Realm of Zot
 68825 | Zot:5    | Killed an ancient lich
 69390 | Zot:5    | Noticed an orb of fire
 69411 | Zot:5    | Killed an orb of fire
 69413 | Zot:5    | Noticed an orb of fire
 69533 | Zot:5    | Killed an ancient lich
 69536 | Zot:5    | Noticed an orb of fire
 69547 | Zot:5    | Killed an orb of fire
 69548 | Zot:5    | Noticed an ancient lich
 69550 | Zot:5    | Killed an orb of fire
 69620 | Zot:5    | Noticed an ancient lich
 69694 | Zot:5    | Killed an ancient lich
 69695 | Zot:5    | Noticed a dread lich
 69697 | Zot:5    | Killed a dread lich
 69701 | Zot:5    | Noticed an orb of fire
 69705 | Zot:5    | Killed an orb of fire
 69705 | Zot:5    | Noticed an orb of fire
 69786 | Zot:5    | Killed an ancient lich
 69861 | Zot:5    | Killed an orb of fire
 69971 | Zot:5    | Noticed an ancient lich
 69972 | Zot:5    | Killed an ancient lich
 70511 | Zot:5    | Got the Orb of Zot
 70776 | D:15     | Noticed Roit the pandemonium lord
 70783 | D:15     | Killed Roit the pandemonium lord
 71015 | D:7      | Noticed Dicon the pandemonium lord
 71130 | D:$      | Escaped with the Orb!

Illustrated notes

Levels and vault maps discovered:
D:1:      tekkud_arrival_beachfront_property, layout_basic
D:2:      layout_loops_ring, minmay_tetromino_l2
D:3:      layout_loops_ring, nrook_uturn
D:4:      layout_cave_pools, trog_hazing_becter, lemuel_round_altar,
          minmay_goblin_outpost
D:5:      layout_rooms, lemuel_flamethrower_2, uniq_duvessa
D:6:      minmay_general_purpose_star, layout_loops_ring
D:7:      layout_cave_pools, lemuel_crystal_altar, jmf_multi_god_temple2,
          overflow_temple_1_default, lemuel_temple_firewalk_a, uniq_joseph
D:8:      layout_basic, marbit_many_paths, mainiacjoe_overflow_brackets
D:9:      layout_irregular_city, mainiacjoe_overflow_concentric_impassable
D:10:     layout_basic, mainiacjoe_overflow_24_doors,
          ploomutoo_gammafunk_ghost_potion_laboratory, uniq_lodul
D:11:     layout_roguey, erik_lair_dragon, zombieorc2_lemuel, dk_noncrumbling_3,
          uniq_sonja
D:12:     layout_roguey, fiery_altar_vehumet
D:13:     layout_basic
D:14:     layout_long_grid, david_vaults_1, minmay_misc_feat_square
D:15:     gammafunk_enter_depths_forms, layout_long_grid, glass_columns_a,
          serial_shops, nicolae_shop_waterfront, shop, nicolae_shop_trees,
          nicolae_shop_waterfront, uniq_josephine
Temple:   chequers_temple_sunken
Lair:1:   layout_big_grid, portal_ice_cave_entry_pillars_2
Lair:2:   nzn_winding_woodlands_medium [nzn_winding_woodlands_5x5_three,
          nzn_winding_woodlands_5x15_pool, nzn_winding_woodlands_5x5_perimeter,
          nzn_winding_woodlands_5x5_default,
          nzn_winding_woodlands_center_diamonds,
          nzn_winding_woodlands_5x5_cross, nzn_winding_woodlands_hourglass,
          nzn_winding_woodlands_5x15_garden,
          nzn_winding_woodlands_5x5_closed_star], layout_gridlike,
          elwin_shoals_entry_rocks, minmay_snake_entry_guardpost_small,
          grunt_megastairs_5, lemuel_fruit_tree, uniq_maggie
Lair:3:   layout_gridlike
Lair:4:   layout_roguey, minmay_slime_entry_jelly_boxes, gammafunk_ghost_ooze
Lair:5:   evil_forest, layout_hall_layers
Shoals:1: layout_shoals
Shoals:2: layout_shoals, nicolae_take_the_stairs, argonaut_gorgonesque
Shoals:3: layout_shoals, serial_shops, shop
Shoals:4: shoals_end_simple, layout_shoals, nicolae_shoals_sun_and_surf
Snake:1:  layout_onion
Snake:2:  layout_basic, grunt_megastairs_1, serial_bayou_shore_b
Snake:3:  cheibrodos_forgotten_conduit, layout_chambers, st_stairs_4,
          nicolae_triple_integral
Snake:4:  grunt_snake_rune_pools, layout_grid_shapes, minmay_shop_grove,
          serial_bayou_shore_b
Slime:1:  layout_caves
Slime:2:  layout_caves
Slime:3:  layout_caves
Slime:4:  layout_caves, nicolae_slime_round_cave, uniq_dissolution
Slime:5:  slime_pit_nicolae_jellycorners
Orc:1:    layout_caves, serial_shops, shop, nicolae_shop_gibbet_a_chance,
          nicolae_shop_hallway_plus, shop, shop, nicolae_orc_rockfall,
          nicolae_orc_all_along_the_watchtower
Orc:2:    st_orc_town, layout_diamond_mine
Elf:1:    layout_geoelf_octagon, minmay_elf_annihilation, moated_statue,
          roderic_lattice_octagonal_star
Elf:2:    elven_hall_of_blades_hangedman_alternative
          [nicolae_blade_entry_sentries_behind_glass], layout_rooms,
          gammafunk_ghost_grave, uniq_roxanne
Elf:3:    minmay_elf_hall_spiked, layout_geoelf_diagonals, serial_shops,
          bzr_entry_customers, minmay_the_grid_2x2 [minmay_the_grid_rooms,
          minmay_the_grid_expand, minmay_the_grid_plusring,
          minmay_the_grid_prize_four_corners], uniq_zenata, uniq_louise,
          uniq_saint_roka
Vaults:1: portal_desolation_entry_garden, grunt_vaults_trifunnel,
          ontoclasm_vaults_shuriken, ontoclasm_vaults_pinch,
          vaults_mumra_chevron, nicolae_vaults_swerve, ontoclasm_vaults_spin,
          v_misc_4, nicolae_vaults_cornered_office,
          nicolae_vaults_sealed_display, vaults_room_grid, v_misc_15,
          nicolae_vaults_octothorpe, vaults_room_fours,
          grunt_vaults_hallway_short, layout_vaults_big_cross, uniq_donald
Vaults:2: minmay_crypt_entry_simple_statues, v_misc_4, v_misc_8,
          nicolae_vaults_closet_pinwheel_3, dpeg_vaults_monster_box,
          nicolae_vaults_more_shelving_2, grunt_vaults_hallway_short,
          ontoclasm_vaults_bender, vaults_room_pools,
          hangedman_vaults_river_flow, vaults_standard_mumra_x,
          vaults_room_grid, nicolae_vaults_asterisk, nicolae_vaults_diamond_2,
          layout_vaults_ring, uniq_xtahua, uniq_margery, uniq_aizul
Vaults:3: ontoclasm_vaults_misaligned, nicolae_vaults_wrenched,
          nicolae_vaults_big_ls, nicolae_vaults_closet_pinwheel_4,
          minmay_guarded_unrand_secular_launcher, nicolae_vaults_six-pack,
          nicolae_vaults_doubleplus_tesselated,
          vaults_room_grunt_arrival_ludios, vaults_dpeg_diagonal,
          vaults_room_pools, vaults_mumra_lcd, nicolae_vaults_little_squares_6,
          layout_vaults_big_room
Vaults:4: v_pattern_4, v_misc_5, nicolae_vaults_storage_room_doors,
          nicolae_vaults_little_guard_posts, nicolae_vaults_circle_grid_b,
          vaults_dpeg_cross, nicolae_vaults_prndl, v_misc_27,
          nicolae_vaults_tetromino_Z_1, nicolae_vaults_sesquioval_fish,
          layout_vaults_omnigrid, serial_shops, nicolae_shop_stone
Vaults:5
Crypt:1:  layout_chaotic_city, grunt_crypt_arrival_split, uniq_sojobo
Crypt:2:  layout_misc_corridors
Crypt:3:  church_of_pain_bobbens, layout_chaotic_city,
          tomb_entry_simple_bobbens, grunt_ministairs_11,
          hangedman_crypt_dual_shrines
Depths:1: layout_roguey, enter_ziggurat_c, serial_shops,
          nicolae_shop_pleasant_corner_grove, hangedman_decor_peaks_small,
          hangedman_coc_ice_floe, hangedman_decor_push, grunt_ministairs_6
Depths:2: nooodl_heptagram, layout_small_grid, grunt_hell_entry_dis_grunt,
          rand_demon_pan_entry_4, serial_shops, shop, nicolae_shop_behind_doors,
          nicolae_shop_tiny_statue_garden, special_room
          [special_room_magic_class], nicolae_good_shop
Depths:3: lemuel_minitomb, layout_cave_pools, hell_entry, abyss_entry,
          zin_academy
Depths:4: grunt_zot_entry_gee_three, layout_long_grid,
          kiku_gazebo_garden_becter, hell_entry, uniq_enchantress
Zot:1:    gammafunk_the_bubble [the_bubble_gammafunk_plus_minus],
          layout_onion_interference, regret_index_zotdec_glowing_original
Zot:2:    cheibrodos_zot_enchanting_chambers, layout_basic, hangedman_zot_gyre,
          drop_trap, zot_minivault_1
Zot:3:    layout_gridlike, hangedman_zot_diagonal_lockstep, uniq_josephina
Zot:4:    layout_misc_corridors
Zot:5:    layout_gridlike, nicolae_tricolors

Skill      XL: |  1  2  3  4  5  6  7  8  9 10 11 12 13 14 15 16 17 18 19 20 21 22 23 24 25 26 27 |
---------------+----------------------------------------------------------------------------------+-----
Conjurations   | 6 7 8 11 13 14 15 16 19 22 24 26 27 | 27.0
Spellcasting   | 3 4 5 6 7 8 9 10 11 13 15 16 17 18 | 18.0
Alchemy        | 1 2 4 |  4.0
Fighting       | 2 4 5 7 8 11 12 14 20 | 20.7
Shields        | 2 4 5 10 16 17 | 17.0
Dodging        | 3 5 8 9 13 14 23 | 23.0
Translocations | 1 3 4 |  4.0
Fire Magic     | 5 10 12 17 19 21 22 23 24 25 | 25.0
Air Magic      | 13 18 21 22 24 25 | 25.0
Evocations     | 6 |  6.0
Stealth        | |  2.0

Action                     |  1- 3 |  4- 6 |  7- 9 | 10-12 | 13-15 | 16-18 | 19-21 | 22-24 | 25-27 || total
---------------------------+-------+-------+-------+-------+-------+-------+-------+-------+-------++-------
  Melee: Staff             |       |       |       |     2 |     1 |     2 |     3 |     1 |       ||     9
         Kick              |       |       |       |     1 |       |     2 |     1 |     1 |       ||     5
         Peck              |       |       |       |     1 |       |     1 |     3 |       |       ||     5
   Cast: Magic Dart        |    34 |    87 |    23 |    10 |     9 |       |       |       |       ||   163
         Searing Ray       |     4 |    13 |    19 |     4 |       |       |       |       |       ||    40
         Fulminant Prism   |       |       |    59 |   144 |   162 |     1 |       |       |       ||   366
         Iskenderun's Myst |       |       |     9 |    39 |     7 |     2 |     5 |     2 |     2 ||    66
         Starburst         |       |       |       |    24 |   147 |     2 |       |       |       ||   173
         Plasma Beam       |       |       |       |       |   101 |   370 |   395 |    92 |       ||   958
         Irradiate         |       |       |       |       |     2 |    15 |    46 |     7 |    15 ||    85
         Maxwell's Capacit |       |       |       |       |       |     8 |     2 |     7 |     3 ||    20
         Ignition          |       |       |       |       |       |       |    41 |    21 |    17 ||    79
         Chain Lightning   |       |       |       |       |       |       |    37 |   169 |   180 ||   386
         Fire Storm        |       |       |       |       |       |       |       |   248 |   500 ||   748
         Apportation       |       |       |       |       |       |       |       |     4 |       ||     4
  Evoke: Wand              |       |       |       |       |       |       |       |     1 |       ||     1
    Use: Scroll            |       |    10 |    10 |     9 |     3 |     2 |     4 |     6 |    16 ||    60
         Potion            |       |       |     3 |     4 |       |     2 |    11 |     3 |     1 ||    24
 Armour: Robe              |       |     5 |    19 |     7 |       |       |     7 |     3 |       ||    41
         Troll leather arm |       |       |       |    11 |    24 |    49 |    76 |    85 |   180 ||   425
  Dodge: Dodged            |     2 |     6 |    35 |    65 |    70 |   102 |   104 |    57 |   104 ||   545
  Block: Buckler           |       |       |       |    29 |    25 |    24 |    29 |    18 |     5 ||   130
         Kite shield       |       |       |       |       |       |       |       |       |    41 ||    41
